 Dungeon Crawl Stone Soup version 0.22-a0-553-g9358b0b (webtiles) character file.

126 MothsLongingForFire the Skirmisher (level 4, -5/57 HPs)
             Began as a Demonspawn Berserker on June 25, 2018.
             Was a Follower of Trog.
             Killed by divine providence
             ... invoked by an orc priest
              (16 damage)
             ... on level 2 of the Dungeon.
             The game lasted 00:04:44 (2502 turns).

MothsLongingForFire the Skirmisher (DsBe)           Turns: 2502, Time: 00:04:44

Health: -5/57      AC:  6    Str: 23    XL:     4   Next: 84%
Magic:  4/4        EV: 11    Int:  9    God:    Trog [*.....]
Gold:   155        SH:  0    Dex: 12    Spells: 3/3 levels left

rFire    . . .     SeeInvis .   s - +0 halberd (curse)
rCold    . . .     Gourm    .   (shield currently unavailable)
rNeg     . . .     Faith    .   o - +0 scale mail
rPois    .         Spirit   .   (helmet restricted)
rElec    .         Reflect  .   (no cloak)
rCorr    .         Harm     .   (no gloves)
MR       .....                  (no boots)
Stlth    ..........             (no amulet)
HPRegen  0.19/turn              (no ring)
MPRegen  0.09/turn              (no ring)

@: berserking, very quick
A: antennae 1, sturdy frame 1
a: Berserk, Renounce Religion


You were on level 2 of the Dungeon.
You worshipped Trog.
Trog was aware of your devotion.
You were near starving.

You visited 1 branch of the dungeon, and saw 3 of its levels.

You collected 155 gold pieces.


Innate Abilities, Weirdness & Mutations

You have a pair of small antennae on your head.
Your movements are slightly less encumbered by armour. (ER -2)


   Skills:
 + Level 4.5 Fighting
 + Level 4.1 Polearms
 - Level 1.7 Armour
 - Level 1.7 Dodging


You had 3 spell levels left.
You didn't know any spells.
Your spell library was empty.

Inventory:

Hand Weapons
 a - a +0 spear
 s - a cursed +0 halberd (weapon)
Missiles
 e - 72 stones (quivered)
 g - a throwing net {=f}
 h - 13 poisoned needles
Armour
 b - a +0 animal skin
 f - a +1 helmet
 i - a +0 leather armour
 o - a +0 scale mail (worn)
Magical Staves
 q - an uncursed staff of air {unknown}
Scrolls
 d - 3 scrolls of identify {@r1}
 j - a scroll of remove curse {unknown}
 l - a scroll of teleportation {unknown}
 n - a scroll of amnesia {unknown}
 p - a scroll of enchant weapon {unknown}
Potions
 k - a potion of resistance
 m - a potion of cancellation
Comestibles
 c - 2 rations {@e1}

Dungeon Overview and Level Annotations

Branches:
Dungeon (3/15)

Altars:

##.## #...###### #..#####.
#.# #.#.# ### #........ #.#
#.#.# ##.####.###### #.#
#.#.# ##...###.# # #.#
#.#.###.....##.###### #.#
###............#....... #.#
#....o............#####
#.#####.###o####........##.).
#.......# #@# ##.#..........
###.###.###o## #.#.....##.##
#.#........####.#.....##.#
#.#.#.####...###########.#
#.....# ####..### #.# ###.###
#.###..##########
#.#######.#####..#....)..
#.............##.+..≈≈≈).
#########.#####..#.......


You could see an orc priest, an orc wizard and an orc.


Message History

The orc wizard hits you with a dagger.
An orc comes into view.
The orc hits you with a club.
* * * LOW HITPOINT WARNING * * *
The orc hits you but does no damage.
The orc wizard hits you but does no damage.
The orc priest hits you but does no damage.
You climb upwards.
There is a stone staircase leading down here.
Use which ability? (? or * to list)
A red film seems to cover your vision as you go berserk!
You feel yourself moving faster!
You feel mighty!
You are near starving!
The orc wizard hits you with a dagger.
* * * LOW HITPOINT WARNING * * *
You barely miss the orc priest.
The orc priest is moderately wounded.
The orc priest hits you with a flail!
* * * LOW HITPOINT WARNING * * *
The orc wizard points at you and mumbles some strange words.
The puff of frost hits you!
* * * LOW HITPOINT WARNING * * *
Attack whom?
Press: ? - help, Dir - move target cursor, f - orc priest
Aim: an orc priest, wielding a flail (moderately wounded)
You puncture the orc priest!
The orc priest is almost dead.
The orc priest mumbles some strange prayers to Beogh against you.
Beogh smites you!
You die...

Skill      XL: |  1  2  3  4 |
---------------+-------------+-----
Polearms       | 3 4 |  4.1
Fighting       | 4 |  4.5
Armour         | |  1.7
Dodging        | |  1.7

Action                   |  1- 3 |  4- 6 || total
-------------------------+-------+-------++-------
Melee: Spear             |   103 |    59 ||   162
       Halberd           |       |    30 ||    30
Invok: Berserk           |     1 |     2 ||     3
  Use: Scroll            |       |     2 ||     2
 Stab: Sleeping          |     1 |       ||     1
  Eat: Chunk             |     3 |     3 ||     6
Armor: Animal skin       |     3 |       ||     3
       Leather armour    |     8 |       ||     8
       Scale mail        |     2 |    27 ||    29
Dodge: Dodged            |    36 |    46 ||    82

Vault maps used:
D:1:      dpeg_arrival_connections
D:2:      grunt_ministairs_6, grunt_decor_clamped, uniq_terence

Notes
Turn   | Place    | Note
-------+----------+-------------------------------------------
     0 | D:1      | MothsLongingForFire the Demonspawn Berserker began the quest for the Orb.
     0 | D:1      | Reached XP level 1. HP: 18/18 MP: 1/1
   417 | D:1      | Reached skill level 3 in Polearms
   523 | D:1      | Gained mutation: You have a pair of small antennae on your head. [demonic ancestry]
   523 | D:1      | Reached XP level 2. HP: 24/24 MP: 2/2
  1231 | D:2      | Gained mutation: Your movements are slightly less encumbered by armour. (ER -2) [demonic ancestry]
  1231 | D:2      | Reached XP level 3. HP: 23/29 MP: 3/3
  1311 | D:2      | Noticed Terence
  1315 | D:2      | Killed Terence
  1453 | D:2      | Reached skill level 4 in Fighting
  1460 | D:2      | Reached XP level 4. HP: 16/37 MP: 4/4
  2111 | D:2      | Identified a potion of resistance
  2162 | D:2      | Reached skill level 4 in Polearms
  2502 | D:2      | Killed from afar by an orc priest

Vanquished Creatures
  Terence (D:2)
  2 adders (D:2)
  4 gnolls (D:2)
  An ooze (D:1)
  2 dart slugs
  A leopard gecko (D:2)
  A ball python (D:1)
  4 bats
  4 goblins
  6 hobgoblins
  2 jackals (D:1)
  3 kobolds
  3 frilled lizards
  2 rats
36 creatures vanquished.

Table legend:
 A = Turns spent in this place as a percentage of turns spent in the entire game.
 B = Non-inter-level travel turns spent in this place as a percentage of non-inter-level travel turns spent in the entire game.
 C = Inter-level travel turns spent in this place as a percentage of turns spent in this place.
 D = Turns resting spent in this place as a percentage of non-inter-level travel turns spent in this place.
 E = Turns spent auto-exploring this place as a percentage of non-inter-level travel turns spent in this place.
 F = Non-inter-level travel turns spent in this place divided by the number of levels of this place that you've seen.
                   A       B       C       D       E      F
               +-------+-------+-------+-------+-------+----------------------
         Total | 100.0 | 100.0 |   2.8 |  28.0 |  53.9 | 810.3
       Dungeon | 100.0 | 100.0 |   2.8 |  28.0 |  53.9 | 810.3
               +-------+-------+-------+-------+-------+----------------------

Table legend:
 A = Spawn XP
 B = Non-spawn XP
 C = Spawn XP percentage of total XP
 D = Spawn monster count
 E = Non-spawn monster count
 F = Spawn count percentage of total count
 G = Total turns spent on level
                    A         B        C        D         E        F      G
               +---------+---------+-------+---------+---------+-------+---------
         Total |       0 |     181 |   0.0 |       0 |      36 |   0.0 |  2502
               +---------+---------+-------+---------+---------+-------+---------
           D:1 |       0 |      34 |   0.0 |       0 |      15 |   0.0 |  1112
           D:2 |       0 |     147 |   0.0 |       0 |      21 |   0.0 |  1379
               +---------+---------+-------+---------+---------+-------+---------
